 Dungeon Sprint DCSS version 0.31-a0-596-g831eee08f1 (webtiles) character file.

Game seed: 16811984955086354565

2860 sircluck the Imperceptible (level 9, -14/39 HPs)
             Began as a Spriggan Enchanter on Aug 20, 2023.
             Was a Believer of Dithmenos.
             Demolished by a demonic crawler (19 damage)
             ... in the Dungeon (Sprint I: "Red Sonja").
             The game lasted 00:06:18 (541 turns).

sircluck the Imperceptible (Spriggan Enchanter)      Turns: 541, Time: 00:06:19

Health: -14/39     AC:  2    Str:  4    XL:     9   Next: 47%
Magic:  20/23      EV: 18    Int: 16    God:    Dithmenos [**....]
Gold:   175        SH:  0    Dex: 22    Spells: 22/27 levels left

rFire   + . .        a - +1 dagger
rCold   + . .        (no shield)
rNeg    . . .        q - +0 robe of Fushrori {rElec rF+ rC+ Dex+2}
rPois   .            (helmet restricted)
rElec   +            (no cloak)
rCorr   .            (gloves unavailable)
SInv    +            (boots unavailable)
Will    +....        (no amulet) Stlth *+++++++++
                     (no ring)
HPRegen 0.26/turn    (no ring)
MPRegen 0.18/turn

%: no teleportation
@: confusing by touch, wreathed by umbra, invisible, very quick
A: very small, no large weapons, unfitting armour, see invisible, speed 3
a: Renounce Religion, Shadow Step


You were in the Dungeon.
You worshipped Dithmenos.
Dithmenos was pleased with you.
You visited 1 branch You collected 832 gold pieces.
You spent 657 gold pieces at shops.

Inventory:

Hand Weapons
 a - a +1 dagger (weapon)
Missiles
 m - 4 curare-tipped darts (quivered)
 p - 10 stones
Armour
 b - a +0 robe
 l - a +2 robe of cold resistance
 q - the +0 robe of Fushrori (worn) {rElec rF+ rC+ Dex+2}
   (You bought it in a shop in the Dungeon)

   Dex+2:     It affects your dexterity (+2).
   rF+:       It protects you from fire.
   rC+:       It protects you from cold.
   rElec:     It insulates you from electricity.
Wands
 h - a wand of iceblast (5)
 r - a wand of mindburst (5)
Scrolls
 j - a scroll of silence {unknown}
 k - 2 scrolls of identify {unknown}
 n - a scroll of enchant weapon {unknown}
 o - a scroll of revelation {unknown}
Potions
 c - a potion of invisibility
 d - 3 potions of curing
 f - a potion of haste
 g - 2 potions of magic


   Skills:
 + Level 8.6 Short Blades
 - Level 2.6 Dodging
 * Level 23.1 Stealth
 + Level 9.8 Spellcasting
 * Level 13.7 Hexes


You had 22 spell levels left.
You knew the following spells:

 Your Spells              Type           Power      Damage    Failure   Level
a - Ensorcelled Hibernat  Hex/Ice        58%        N/A       1%          2
b - Confusing Touch       Hex            51%        N/A       1%          3

Your spell library contained the following spells:

 Spells                   Type           Power      Damage    Failure   Level
 Dazzling Flash           Conj/Hex       58%        N/A       1%          3
 Tukima's Dance           Hex            51%        N/A       1%          3


Dungeon Overview and Level Annotations

Branches:
Dungeon (1/1)

Altars:
Cheibriados
Dithmenos
Elyvilon
Fedhas
Gozag
Hepliaklqana
Kikubaaqudgha
Makhleb
Nemelex Xobeh
Okawaru
Qazlal
Ru
Sif Muna
Trog
Uskayaw
Vehumet
Wu Jian
Xom
Yredelemnul
Zin
The Shining One
Jiyva
Lugonu

Shops:
D ?[[


Innate Abilities, Weirdness & Mutations

You are very small and have problems with some larger weapons.
You are too small for most types of armour.
You have supernaturally acute eyesight. (SInv)
You cover ground extremely quickly. (Speed+++)


Message History

Aiming: Ensorcelled Hibernation (safe; 1% risk of failure)
Press: ? - help, Shift-Dir - straight line, f - demonic crawler
Aim: a demonic crawler (umbra, chance to affect: 25%)
The demonic crawler resists with almost no effort.
Casting: Ensorcelled Hibernation (safe; 1% risk of failure)
Confirm with . or Enter, or press ? or * to list all spells.
Aiming: Ensorcelled Hibernation (safe; 1% risk of failure)
Press: ? - help, Shift-Dir - straight line, f/p - demonic crawler
Aim: a demonic crawler (umbra, chance to affect: 25%)
The demonic crawler resists with almost no effort.
The demonic crawler completely misses you.
The demonic crawler hits you! The demonic crawler closely misses you.
The demonic crawler barely misses you.
The demonic crawler closely misses you. x2
Blink to where?
Press: ? - help, Q - select action, (/) - cycle Dir - move target, p - demonic crawler
As you read the scroll of blinking, it crumbles to dust.
There is an open door here.
You close the door.
You start resting.
Magic restored.
You open the door. The demonic crawler closely misses you.
The demonic crawler hits you. The demonic crawler barely misses you.
Casting: Ensorcelled Hibernation (safe; 1% risk of failure)
Confirm with . or Enter, or press ? or * to list all spells.
Your hands begin to glow red.
The demonic crawler hits you! The demonic crawler closely misses you.
The demonic crawler barely misses you.
You feel much better. The demonic crawler closely misses you.
The demonic crawler barely misses you. x2
You hit the demonic crawler but do no damage.
The demonic crawler barely misses you. The demonic crawler hits you!
The demonic crawler closely misses you.
You hit the demonic crawler but do no damage.
You hit the demonic crawler but do no damage.
The demonic crawler completely misses you.
The demonic crawler barely misses you. The demonic crawler hits you!
You fade into invisibility!
The demonic crawler misses you. x2; The demonic crawler hits you!
* * * LOW HITPOINT WARNING * * *
The demonic crawler hits you!!
You die...

#..#####'#####s#__####)..'..#
#..####..#...#.#### #####..+
#..#__####..##s# +##
#..#_____##'#_.+
#⌠⌠#_.∩...'..s_#
####_..__##_.#'##+###
#_____###'#.#....###
############.####s###[##
#∩........'..@s.....'.§#
###++++####.).##########
###.### #.#'#.# #.....#
#.....# #######


You could see 2 demonic crawlers.

Vanquished Creatures
  A demonic crawler (D)
  Sonja (D)
  A deep troll (D)
  2 kobold demonologists (D)
  A slime creature (D)
  Sigmund (D)
  A yak (D)
  A floating eye (D)
  An ogre (D)
  A jelly (D)
  Ijyb (D)
  A ballistomycete spore (D)
13 creatures vanquished.

Vanquished Creatures (others)
  A ballistomycete spore (D)
1 creature vanquished.

Grand Total: 14 creatures vanquished

Notes
Turn   | Place    | Note
-------+----------+-------------------------------------------
     0 | D        | sircluck the Spriggan Enchanter began the quest for the
                  | Orb.
     0 | D        | Reached XP level 1. HP: 9/9 MP: 5/5
     2 | D        | Noticed Ijyb
    12 | D        | Killed Ijyb
    13 | D        | Reached skill level 9 in Stealth
    13 | D        | Reached XP level 2. HP: 5/13 MP: 6/6
    57 | D        | Learned a level 2 spell: Ensorcelled Hibernation
    57 | D        | Noticed an ogre
    62 | D        | Killed an ogre
    63 | D        | Reached skill level 14 in Stealth
    63 | D        | Reached XP level 3. HP: 16/16 MP: 8/8
    63 | D        | Reached XP level 4. HP: 21/21 MP: 9/9
    79 | D        | Noticed Sigmund
    82 | D        | Killed Sigmund
    83 | D        | Reached skill level 18 in Stealth
    83 | D        | Reached XP level 5. HP: 24/24 MP: 10/10
    83 | D        | Reached XP level 6. HP: 28/28 MP: 11/11
    95 | D        | Found an ornate altar of the Wu Jian Council.
    95 | D        | Found a shimmering blue altar of Sif Muna.
    97 | D        | Found a radiant altar of Vehumet.
   102 | D        | Reached skill level 19 in Stealth
   137 | D        | Found Poezic's Armour Emporium.
   137 | D        | Found an ancient bone altar of Kikubaaqudgha.
   137 | D        | Found a hazy altar of Hepliaklqana.
   137 | D        | Found a stormy altar of Qazlal.
   137 | D        | Found a hide-covered altar of Uskayaw.
   137 | D        | Found a blossoming altar of Fedhas.
   137 | D        | Found a bloodstained altar of Trog.
   137 | D        | Found an iron altar of Okawaru.
   137 | D        | Found a basalt altar of Yredelemnul.
   137 | D        | Found a glowing golden altar of the Shining One.
   137 | D        | Found a snail-covered altar of Cheibriados.
   137 | D        | Found a sacrificial altar of Ru.
   137 | D        | Found a glowing silver altar of Zin.
   137 | D        | Found a shadowy altar of Dithmenos.
   137 | D        | Found a white marble altar of Elyvilon.
   137 | D        | Noticed a yak
   138 | D        | Found an opulent altar of Gozag.
   139 | D        | Killed a yak
   140 | D        | Found a sparkling altar of Nemelex Xobeh.
   148 | D        | Became a worshipper of Dithmenos the Shadowed
   155 | D        | Bought a +2 robe of cold resistance for 230 gold pieces
   171 | D        | Noticed Sonja
   175 | D        | Killed Sonja
   176 | D        | Reached skill level 5 in Short Blades
   176 | D        | Reached skill level 20 in Stealth
   176 | D        | Reached XP level 7. HP: 32/32 MP: 14/18
   289 | D        | Noticed a deep troll
   293 | D        | Killed a deep troll
   294 | D        | Reached skill level 21 in Stealth
   294 | D        | Reached XP level 8. HP: 36/36 MP: 19/21
   303 | D        | Found Lunediaph's Armour Emporium.
   310 | D        | Bought the +0 robe of Fushrori {rElec rF+ rC+ Dex+2} for
                  | 427 gold pieces
   334 | D        | Found Ungu's Magic Scroll Boutique.
   384 | D        | Found a burning altar of Makhleb.
   384 | D        | Found a viscous altar of Jiyva.
   384 | D        | Found a shimmering altar of Xom.
   384 | D        | Found a corrupted altar of Lugonu.
   384 | D        | Noticed a slime creature
   391 | D        | Killed a slime creature
   391 | D        | Reached * piety under Dithmenos
   396 | D        | Learned a level 3 spell: Confusing Touch
   414 | D        | Noticed a kobold demonologist
   462 | D        | Noticed a kobold demonologist
   464 | D        | Killed a kobold demonologist
   465 | D        | Reached skill level 22 in Stealth
   466 | D        | Killed a kobold demonologist
   467 | D        | Reached XP level 9. HP: 39/39 MP: 21/23
   467 | D        | Reached ** piety under Dithmenos
   469 | D        | Noticed a demonic crawler
   469 | D        | Noticed a demonic crawler
   469 | D        | Noticed a demonic crawler
   469 | D        | Noticed a demonic crawler
   501 | D        | Killed a demonic crawler
   502 | D        | Reached skill level 23 in Stealth
   541 | D        | Demolished by a demonic crawler

Illustrated notes

Levels and vault maps discovered:
D:        dungeon_sprint_1 [red_sonja_temple_1, red_sonja_temple_small_1]

Skill      XL: |  1  2  3  4  5  6  7  8  9 |
---------------+----------------------------+-----
Stealth        | 9 14 18 20 21 22 23 | 23.1
Short Blades   | 5 7 8 |  8.6
Spellcasting   | 6 8 9 |  9.8
Hexes          | 9 11 12 13 | 13.7
Dodging        | |  2.6

Action                     |  1- 3 |  4- 6 |  7- 9 || total
---------------------------+-------+-------+-------++-------
  Melee: Dagger            |     9 |     4 |    13 ||    26
   Cast: Ensorcelled Hiber |       |       |     4 ||     4
         Confusing Touch   |       |       |     1 ||     1
  Evoke: Wand              |     2 |       |     5 ||     7
    Use: Potion            |     1 |       |     2 ||     3
         Scroll            |       |       |     2 ||     2
   Stab: Sleeping          |       |     4 |     7 ||    11
 Armour: Robe              |     1 |       |       ||     1
  Dodge: Dodged            |     5 |       |    20 ||    25

Table legend: (Time is in decaauts)
 A = Elapsed time spent in this place.
 B = Non-inter-level travel time spent in this place.
 C = Inter-level travel time spent in this place.
 D = Time resting spent in this place.
 E = Time spent auto-exploring this place.
 F = Levels seen in this place.
 G = Mean time per level.
                   A        B        C        D        E       F      G
               +--------+--------+--------+--------+--------+-----+--------+
         Total |    453 |    438 |     15 |    183 |      0 |   1 |  453.0 |
       Dungeon |    453 |    438 |     15 |    183 |      0 |   1 |  453.0 |
               +--------+--------+--------+--------+--------+-----+--------+

Top non-repeatable levels by time:
       D: 453 daAuts
